 Dungeon Crawl Stone Soup version 0.19.0-2-gae57169 (webtiles) character file.

7340 Jerry the Protected (level 10, -1/81 HPs)
             Began as a Deep Dwarf Fighter on Nov 2, 2016.
             Was a Believer of Makhleb.
             Slain by a hill giant
             ... wielding a +0 giant club
              (29 damage)
             ... on level 10 of the Dungeon.
             The game lasted 00:46:04 (8116 turns).

Jerry the Protected (Deep Dwarf Fighter)            Turns: 8116, Time: 00:46:04

Health: -1/81      AC: 13    Str: 20    XL:     10   Next: 91%
Magic:  3/3        EV: 10    Int: 10    God:    Makhleb [**....]
Gold:   527        SH:  0    Dex: 14    Spells: 1 memorised, 8 levels left

rFire  . . .     SeeInvis .     R - +1 broad axe (venom)
rCold  . . .     Gourm    .     y - +2 ring mail {MR+}
rNeg   . . .     Faith    .     (no shield)
rPois  +         Spirit   .     h - +2 hat
rElec  .         Reflect  .     (no cloak)
rCorr  .         Harm     .     H - +0 pair of gloves
MR     ++...                    (no boots)
Stlth  +.........               (no amulet)
                                (no ring)
                                K - ring of poison resistance

@: non-regenerating
A: damage resistance, recharge devices, mutation resistance 1, sense
surroundings 2, slow regeneration 3
a: Device Recharging, Minor Destruction, Renounce Religion


You were on level 10 of the Dungeon.
You worshipped Makhleb.
Makhleb was pleased with you.
You were very hungry.

You visited 2 branches of the dungeon, and saw 11 of its levels.
You also visited: Sewer and Ossuary.

You collected 527 gold pieces.

Inventory:

Hand Weapons
 R - a +1 broad axe of venom (weapon)
Missiles
 w - 12 tomahawks (quivered)
 S - 5 javelins of penetration
Armour
 c - a +0 shield
 h - a +2 hat (worn)
 y - a +2 ring mail of magic resistance (worn)
 H - a +0 pair of gloves (worn)
Jewellery
 r - an uncursed ring of ice
 K - a ring of poison resistance (left hand)
Wands
 a - a wand of teleportation (3/9)
 e - a wand of heal wounds (2/9)
 f - a wand of teleportation (5/9)
 o - a wand of lightning (5/15)
 p - a wand of confusion (14/48)
 F - a wand of flame (31/48)
 L - a wand of iceblast (6/15)
 Q - a wand of disintegration (13/24)
Scrolls
 b - 2 scrolls of teleportation
 d - a scroll of amnesia
 g - a scroll of identify
 i - 3 scrolls of remove curse
 j - 2 scrolls of enchant weapon
 v - a scroll of recharging {unknown}
 z - a scroll of immolation {unknown}
 D - a scroll of torment {unknown}
 E - a scroll of acquirement {unknown}
 G - a scroll of fog
 I - a scroll of fear {unknown}
 J - 4 scrolls of blinking {unknown}
 M - 2 scrolls of magic mapping
 O - a scroll of enchant armour {unknown}
 T - a scroll of brand weapon {unknown}
Potions
 k - a potion of lignification
 m - 2 potions of cancellation
 n - 3 potions of magic
 s - a potion of brilliance
 u - 3 potions of curing
 A - 2 potions of flight
Books
 t - a book of Necromancy

   Spells                             Type                      Level
   a - Pain                           Necromancy                   1
   b - Animate Skeleton               Necromancy                   1
   c - Vampiric Draining              Necromancy                   3
   d - Regeneration                   Charms/Necromancy            3
   e - Animate Dead                   Necromancy                   4
   f - Control Undead                 Necromancy                   4
 N - a book of Geomancy

   Spells                             Type                      Level
   a - Sandblast                      Earth                        1
   b - Passwall                       Transmutation/Earth          2
   c - Stone Arrow                    Conjuration/Earth            3
   d - Petrify                        Transmutation/Earth          4
   e - Lee's Rapid Deconstruction     Earth                        5
Comestibles
 l - 2 meat rations
 q - 8 bread rations
 x - a royal jelly
 B - 2 slices of pizza
 C - 3 fruits


   Skills:
 - Level 2.6 Fighting
 + Level 12.2 Axes
 + Level 12.3 Armour
 - Level 3.2 Shields
 - Level 6.1 Necromancy


You had 8 spell levels left.
You knew the following spells:

 Your Spells              Type           Power        Failure   Level  Hunger
a - Animate Skeleton      Necr           N/A          6%          1    ##.....


Dungeon Overview and Level Annotations

Branches:
Dungeon (10/15)            Temple (1/1) D:4            Lair (0/6) D:9
    Orc (0/2) D:9

Altars:
Ashenzari
Cheibriados
Dithmenos
Elyvilon
Fedhas
Gozag
Hepliaklqana
Kikubaaqudgha
Makhleb
Nemelex Xobeh
Okawaru
Qazlal
Ru
Sif Muna
Trog
Uskayaw
Vehumet
Xom
Yredelemnul
Zin
The Shining One

Shops:
D:4 :


Innate Abilities, Weirdness & Mutations

You are resistant to damage.
You can recharge devices by infusing magical energy.
You passively map the area around you.
You do not regenerate.
You are somewhat resistant to further mutation.


Message History

Your ring mail prevents you from hitting the hill giant.
The hill giant is heavily wounded.
The hill giant closely misses you.
You hit the hill giant.
The hill giant is heavily wounded.
You barely miss the hill giant.
The hill giant is heavily wounded.
The hill giant hits you with a giant club!
You hit the hill giant but do no damage.
The hill giant is heavily wounded.
The hill giant hits you with a giant club!
Your ring mail prevents you from hitting the hill giant.
The hill giant is heavily wounded.
The hill giant closely misses you.
You slash the hill giant!
The hill giant is poisoned.
The hill giant is almost dead.
You are feeling very hungry.
There is an open door here.
The hill giant hits you with a giant club!!
You die...

#.......#...#......# #.##.....#
'....Z..###..Z.....#####Z##..)..#
#.......# ###......##....##......
#.......# #.........#####....#8
#.......# #......#### #....#.
######### #####.## ##'..#. #..#
#...#. ##(## #...#> #.@# ##..#_
#C## ##.## ###'### #####..Z
########.....### #>......
####......'..(..'.## #.......
###....######.....#..# #.......
<...#### #.....##.## #.......
##### #.....##..# #.......
#.....###Z####.......


You could see a hill giant.

Vanquished Creatures
  Fannar (D:10)
  Erica (D:9)
  Urug (D:10)
  The ghost of Bekkur the Conjurer, a novice DsFE of Qazlal (D:8)
  A deep elf mage (D:7)
  The ghost of Patchouli the Thaumaturge, a novice DEIE of Kikubaaqudgha (D:9)
  A troll (D:10)
  A hornet (D:7)
  2 hippogriffs (D:8)
  The ghost of PhynixH2O the Cudgeler, an amateur GrBe of Trog (D:4)
  A hungry ghost (D:9)
  An ice beast (D:8)
  2 black bears
  A phantom (D:6)
  4 centaurs
  2 elf zombies (Ossuary)
  A big kobold (D:7)
  9 bullfrogs
  4 scorpions
  3 wights (D:8)
  A howler monkey (D:6)
  4 centaur zombies
  2 crimson imps
  3 jellies
  A bullfrog zombie (D:9)
  2 hounds
  An orc priest (D:7)
  A human zombie (Ossuary)
  8 orc wizards
  5 worker ants
  2 big kobold zombies (Ossuary)
  A hound skeleton (D:4)
  2 mummies (Ossuary)
  A worker ant zombie (D:6)
  A howler monkey skeleton (D:9)
  7 adders
  A river rat (D:6)
  4 shadow imps
  4 oozes
  An adder skeleton (D:9)
  10 worms
  A dart slug (D:3)
  6 leopard geckos
  15 orcs
  9 giant cockroaches
  8 goblins
  5 hobgoblins
  9 jackals
  10 kobolds
  6 quokkas
  13 bats
  7 frilled lizards
  7 hobgoblin zombies (Ossuary)
  A jackal skeleton (D:5)
  4 jackal zombies
  11 kobold zombies (Ossuary)
  7 orc zombies (Ossuary)
  5 rats
  3 rat zombies (Ossuary)
228 creatures vanquished.

Vanquished Creatures (collateral kills)
  A two-headed ogre (D:10)
  A centaur (D:9)
  A crocodile (D:10)
  An orc (D:9)
4 creatures vanquished.

Grand Total: 232 creatures vanquished

Notes
Turn   | Place    | Note
-------+----------+-------------------------------------------
     0 | D:1      | Jerry the Deep Dwarf Fighter began the quest for the Orb.
     0 | D:1      | Reached XP level 1. HP: 20/20 MP: 1/1
   211 | D:1      | Reached XP level 2. HP: 25/27 MP: 2/2
  1044 | D:2      | Found a white marble altar of Elyvilon.
  1064 | D:2      | Reached XP level 3. HP: 17/33 MP: 3/3
  2132 | D:3      | Reached XP level 4. HP: 32/40 MP: 4/4
  2292 | D:3      | Noticed a bullfrog
  2302 | D:3      | Killed a bullfrog
  2302 | D:3      | Reached skill level 5 in Armour
  2348 | D:4      | Reached XP level 5. HP: 22/46 MP: 5/5
  2355 | D:4      | Noticed PhynixH2O's ghost (amateur GrBe)
  2371 | D:4      | Killed PhynixH2O's ghost
  2371 | D:4      | Reached skill level 5 in Axes
  2371 | D:4      | Reached XP level 6. HP: 55/55 MP: 6/6
  2419 | D:4      | Found a shattered altar of Ashenzari.
  2522 | D:4      | Found a staircase to the Ecumenical Temple.
  2531 | Temple   | Entered the Ecumenical Temple
  2960 | D:4      | Found a faded altar of an unknown god.
  2960 | D:4      | Found a deep blue altar of Sif Muna.
  2965 | D:4      | Found a faded altar of an unknown god.
  2970 | D:4      | Found a faded altar of an unknown god.
  2972 | D:4      | Found an opulent altar of Gozag.
  3072 | D:4      | Found Poharch's Book Shoppe.
  3177 | D:5      | Entered Level 5 of the Dungeon
  3365 | D:5      | Found a sand-covered staircase.
  3370 | Ossuary  | Entered an ossuary
  3632 | Ossuary  | Reached XP level 7. HP: 24/61 MP: 7/7
  3915 | D:5      | Found a blossoming altar of Fedhas.
  4179 | D:6      | Noticed an air elemental
  4183 | D:6      | Found a stormy altar of Qazlal.
  4360 | D:6      | Found a glowing drain.
  4381 | Sewer    | Entered a sewer
  4657 | Sewer    | Gained mutation: You are somewhat resistant to further mutation. [potion of mutation]
  5053 | D:6      | Reached XP level 8. HP: 30/68 MP: 7/7
  5385 | D:7      | Found a hide-covered altar of Uskayaw.
  5385 | D:7      | Noticed a deep elf mage
  5400 | D:7      | Killed a deep elf mage
  5411 | D:7      | Learned a level 1 spell: Animate Skeleton
  5433 | D:7      | Found an iron altar of Okawaru.
  5439 | D:7      | Reached skill level 1 in Necromancy
  5531 | D:7      | Found a basalt altar of Yredelemnul.
  5648 | D:7      | Noticed a hornet
  5652 | D:7      | Paralysed by a hornet for 1 turns
  5672 | D:7      | Killed a hornet
  5672 | D:7      | Gained mutation: You passively map the area around you. [Deep Dwarf growth]
  5672 | D:7      | Reached XP level 9. HP: 37/74 MP: 7/7
  5718 | D:7      | Found a burning altar of Makhleb.
  5724 | D:7      | Became a worshipper of Makhleb the Destroyer
  5847 | D:7      | Found a radiant altar of Vehumet.
  6021 | D:8      | Noticed Bekkur's ghost (novice DsFE)
  6058 | D:8      | Killed Bekkur's ghost
  6058 | D:8      | Reached skill level 10 in Axes
  6058 | D:8      | Reached skill level 10 in Armour
  6143 | D:8      | Reached skill level 5 in Necromancy
  6402 | D:8      | Reached * piety under Makhleb
  6756 | D:9      | Found a staircase to the Orcish Mines.
  6761 | D:9      | Noticed Patchouli's ghost (novice DEIE)
  6776 | D:9      | Killed Patchouli's ghost
  6776 | D:9      | Reached XP level 10. HP: 26/81 MP: 6/6
  6779 | D:9      | Found a sacrificial altar of Ru.
  6876 | D:9      | Noticed Erica
  6896 | D:9      | Killed Erica
  6938 | D:9      | Found a glowing silver altar of Zin.
  6989 | D:9      | Found a staircase to the Lair.
  7085 | D:9      | Found a glowing golden altar of the Shining One.
  7262 | D:10     | Entered Level 10 of the Dungeon
  7262 | D:10     | Noticed a tengu warrior
  7378 | D:10     | Found a shimmering altar of Xom.
  7422 | D:10     | Noticed Urug
  7469 | D:10     | Killed Urug
  7599 | D:10     | Noticed Fannar
  7628 | D:10     | HP: 3/81 [Fannar/Ozocubu's Refrigeration (19)]
  7661 | D:10     | Killed Fannar
  7661 | D:10     | Reached ** piety under Makhleb
  8069 | D:10     | Noticed a hill giant
  8116 | D:10     | Slain by a hill giant

Skill      XL: |  1  2  3  4  5  6  7  8  9 10 |
---------------+-------------------------------+-----
Armour         | 4 5 6 7 9 10 12 | 12.3
Axes           | 3 4 5 6 7 9 10 12 | 12.2
Necromancy     | 2 6 |  6.1
Fighting       | |  2.6
Shields        | |  3.2

Action                   |  1- 3 |  4- 6 |  7- 9 | 10-12 || total
-------------------------+-------+-------+-------+-------++-------
Melee: War axe           |   145 |   131 |   549 |   126 ||   951
       Broad axe         |       |       |       |    42 ||    42
Throw: Tomahawk          |       |       |     3 |       ||     3
 Cast: Animate Skeleton  |       |       |       |    10 ||    10
 Abil: Device Recharging |       |       |     4 |     3 ||     7
Evoke: Wand              |     1 |     1 |    17 |    12 ||    31
  Use: Potion            |       |     1 |     6 |     6 ||    13
       Scroll            |       |       |    15 |     2 ||    17
 Stab: Confused          |       |       |     2 |       ||     2
       Distracted        |       |       |       |     1 ||     1
       Invisible         |       |       |       |     1 ||     1
  Eat: Chunk             |     3 |     1 |    11 |     5 ||    20
       Bread ration      |       |     1 |       |       ||     1
       Pizza             |       |       |     1 |       ||     1
       Meat ration       |       |       |       |     2 ||     2
Armor: Scale mail        |    92 |    49 |   134 |       ||   275
       Ring mail         |       |       |   134 |    63 ||   197
Dodge: Dodged            |    81 |    61 |   271 |    88 ||   501
